Map: Pride of Altaris LE

Players

Random - Winner!

  • Race: Terran Terran

VOD

Have the link to the VOD?

Description

Time

  • Played on: March 9, 2022, 7:27 a.m.
  • Length: 23:09
Show
View Real Time Build Order
Export as new Build Order

Random Terran - Winner!

Build Orders:  

Get SALT Encoding   

  12  0:00  SCV  
  13  0:17  SCV  
  14  0:27  Supply Depot  
  14  0:34  SCV  
  15  0:57  SCV  
  16  1:08  Barracks  
  16  1:14  SCV  
  17  1:20  Refinery  
  17  1:46  SCV  
  18  2:29  Supply Depot  
  18  2:30  Barracks Reactor  
  18  2:53  SCV  
  19  3:10  SCV  
  19  3:15  Command Center  
  20  3:27  SCV  
  21  3:43  Factory  
  21  3:45  Marine x2  
  23  4:01  SCV  
  24  4:18  SCV  
  25  4:22  Refinery  
  25  4:24  Bunker  
  25  4:26  Marine x2  
  27  4:37  Orbital Command  
  27  4:51  Marine x2  
  29  5:04  Orbital Command  
  29  5:22  Marine x2  
  29  5:24  SCV  
  32  5:31  Starport  
  32  5:41  SCV  
  32  5:45  SCV  
  34  5:55  Marine  
  34  5:56  Marine  
  34  5:58  SCV  
  37  6:00  Factory Tech Lab  
  37  6:11  SCV  
  38  6:36  Engineering Bay  
  38  6:37  Marine x2  
  40  6:44  Siege Tank  
  43  7:02  Marine x2  
  43  7:05  SCV  
  46  7:13  Engineering Bay  
  46  7:33  Supply Depot  
  46  7:37  Supply Depot  
  46  7:39  Supply Depot  
  46  7:54  SCV  
  44  8:02  Marine  
  44  8:03  Siege Tank, Marine  
  44  8:08  Supply Depot  
  44  8:09  Terran Infantry Weapons Level 1  
  49  8:12  Terran Infantry Armor Level 1  
  49  8:27  Marine x2  
  49  8:37  Barracks  
  49  8:48  Siege Tank  
  52  8:52  Marine x2  
  54  9:16  Refinery  
  54  9:17  Marine x2  
  56  9:33  Siege Tank, Missile Turret  
  56  9:39  SCV x2  
  61  9:43  Barracks  
  61  9:49  Refinery  
  61  9:55  SCV  
  61  9:56  Marine x2, SCV  
  65  10:10  Barracks Tech Lab  
  65  10:12  Missile Turret  
  65  10:18  Siege Tank  
  68  10:21  Marine x2  
  68  10:24  Medivac  
  72  10:49  Barracks  
  72  10:54  SCV  
  73  11:03  SCV  
  73  11:06  Medivac  
  76  11:11  SCV  
  77  11:20  SCV  
  78  11:44  Armory  
  78  11:58  Medivac, SCV x2  
  82  12:15  SCV  
  83  12:33  Barracks Reactor  
  83  12:35  Barracks Reactor, Fusion Core  
  83  12:49  Marauder  
  85  12:51  Marine x2  
  87  13:09  Supply Depot  
  87  13:16  Marine x2  
  87  13:19  Marauder  
  90  13:37  Command Center  
  84  13:40  Supply Depot  
  84  13:41  Marine x2  
  84  13:49  Marauder  
  79  14:06  Marine x2  
  81  14:10  Marine x2  
  81  14:11  Marine x2, Supply Depot  
  81  14:19  Marauder  
  87  14:21  Unknown  
  87  14:26  Siege Tank  
  90  14:31  Marine x2  
  90  14:34  Medivac  
  90  14:35  Marine x2  
  90  14:36  Marine x2  
  98  14:43  SCV  
  98  14:49  Marauder  
  101  14:56  Marine x2  
  103  15:00  Marine x2, SCV  
  103  15:01  Marine x2  
  103  15:04  Supply Depot  
  103  15:07  Supply Depot  
  108  15:10  Siege Tank x5  
  108  15:11  Siege Tank  
  108  15:16  Medivac  
  108  15:17  SCV  
  108  15:19  Marauder  
  116  15:21  Marine  
  116  15:24  SCV  
  118  15:34  SCV  
  118  15:35  Supply Depot  
  119  15:41  Stimpack, SCV  
  119  15:49  Marauder  
  122  15:51  SCV  
  122  15:56  Siege Tank  
  122  15:58  Medivac, SCV  
  129  16:06  Supply Depot  
  129  16:08  SCV  
  130  16:19  Marauder  
  132  16:20  Marine  
  132  16:21  Marine x4  
  132  16:22  Marine  
  132  16:29  Terran Infantry Weapons Level 2  
  138  16:30  Terran Infantry Armor Level 2  
  138  16:40  Medivac  
  138  16:45  Marine  
  138  16:46  Marine x4  
  138  16:47  Marine  
  138  16:49  Marauder  
  148  16:51  Siege Tank  
  148  16:59  SCV x2  
  153  17:09  SCV  
  154  17:10  Marine  
  154  17:11  Marine x3  
  154  17:16  SCV x2  
  154  17:19  Marauder  
  162  17:26  SCV  
  163  17:36  Siege Tank  
  166  17:42  Supply Depot  
  166  17:43  SCV  
  166  17:49  Marauder  
  169  18:00  Unknown, SCV  
  169  18:02  Supply Depot  
  170  18:14  Supply Depot  
  170  18:18  Orbital Command  
  170  18:19  Marauder  
  172  18:21  Siege Tank  
  175  18:34  Supply Depot  
  175  18:38  Refinery  
  175  18:46  Supply Depot  
  175  19:07  Missile Turret  
  175  19:14  Refinery  
  175  19:18  Siege Tank x6  
  175  19:33  Command Center  
  175  19:38  Siege Tank  
  178  19:42  Marauder  
  178  19:44  Marine x4  
  178  19:45  Marine x2  
  178  19:46  Command Center  
  186  20:08  Marine  
  186  20:09  Marine  
  188  20:12  Marauder  
  190  20:23  Siege Tank  
  193  20:42  Marauder  
  195  21:12  Marauder  
  195  21:16  Siege Tank x11  
  195  21:17  Siege Tank  
  192  21:49  Siege Tank x12  
Tags
 
Add a new tag
Caveats
  • Supply blocks, unpowered buildings, or Contaminate may cause inaccurate times.
  • Supply counts are checked every 10 seconds.